AoeStats
← ivo

Migration

504498669Analyzed
1v1 RM · 26d ago on Sep 5, 2026· 32m 54s· 2 players
Game mode
Random Map
Map size
132×132
Population
200
Speed
Normal
Resources
Standard
Victory
Conquest
Starting age
Dark Age
Ending age
Imperial Age
RankedLock teamsTeams togetherTeam positionsShared explorationLock speedFull tech treeHidden civsTurbo modeCheats
Victory
Defeat
🇭🇺 Franks · Hungary
1015
+16
🇫🇷 Sicilians · France
1017
-16
ivo
4:56 Loom
11:15 Feudal Age
11:45 Double-Bit Axe
18:56 Castle Age
18:44 Wheelbarrow
20:47 Scale Barding Armor
23:34 Forging
23:49 Chain Barding Armor
25:43 Forging
26:27 Hand Cart
27:51 Iron Casting
28:19 Fletching
28:48 Bow Saw
31:32 Bodkin Arrow
32:40 Scale Mail Armor
33:20 Murder Holes
33:50 Ballistics
javierejas
6:58 Loom
12:59 Feudal Age
11:14 Loom
13:38 Double-Bit Axe
13:42 Horse Collar
19:23 Castle Age
20:10 Pikeman
21:45 Forging
21:26 Fletching
22:38 Gold Mining
22:39 Stone Mining
24:08 Town Watch
25:57 Wheelbarrow
30:18 Gold Shaft Mining
30:19 Stone Shaft Mining
Connection lost

Rejoining the realm…

Still unreachable

The connection could not be restored.

Session expired

The server has moved on; the page needs a fresh start.